 Dungeon Crawl Stone Soup version 0.30-a0-4-ga7cffc901d (webtiles) character file.

Game seed: 4676984374905607803

424 Sobieck the Destroyer (level 6, -6/32 HPs)
             Began as a Tengu Conjurer on Aug 20, 2022.
             Was an Initiate of Vehumet.
             Killed from afar by an orc wizard (9 damage)
             ... with a puff of flame
             ... on level 4 of the Dungeon.
             The game lasted 00:08:49 (5472 turns).

Sobieck the Destroyer (Tengu Conjurer)              Turns: 5472, Time: 00:08:50

Health: -6/32      AC:  2    Str:  8    XL:     6   Next: 96%
Magic:  8/13       EV: 14    Int: 20    God:    Vehumet [......]
Gold:   144        SH:  0    Dex: 12    Spells: 2/13 levels left

rFire   . . .      SeeInvis .    L - +1 mace (protect) {mace}
rCold   . . .      Faith    .    (no shield)
rNeg    . . .      Spirit   .    a - +0 robe
rPois   .          Reflect  .    (helmet restricted)
rElec   .          Harm     .    (no cloak)
rCorr   .          Rampage  .    (no gloves)
Will    .....                    (boots unavailable)
Stlth   ++........               (no amulet)
HPRegen 0.10/turn                (no ring)
MPRegen 0.13/turn                (no ring)

@: mighty, flying quickly and evasively, quick
A: beak, talons 3, nimble flight
a: Renounce Religion


You were on level 4 of the Dungeon.
You worshipped Vehumet.
Vehumet was noncommittal.
You visited 1 branch of the dungeon, and saw 4 of its levels.

You collected 144 gold pieces.


Innate Abilities, Weirdness & Mutations

You have a beak for a mouth.
You have claws for feet.
Your magical nature lets you fly swiftly and evasively.


   Skills:
 - Level 2.1 Dodging
 - Level 2.0 Stealth
 + Level 4.2 Spellcasting
 * Level 8.1 Conjurations
 + Level 1.4 Hexes
 + Level 1.2 Translocations


You had 2 spell levels left.
You knew the following spells:

 Your Spells              Type           Power      Damage    Failure   Level
a - Magic Dart            Conj           100%       1d8       1%          1
b - Searing Ray           Conj           72%        2d7       1%          2
c - Fulminant Prism       Conj/Hex       11%        3d9       17%         4
d - Iskenderun's Mystic   Conj/Tloc      23%        2d6       19%         4

Your spell library contained the following spells:

 Spells                   Type           Power      Damage    Failure   Level
 Summon Small Mammal      Summ           16%        N/A       13%         1
 Ensorcelled Hibernation  Hex/Ice        14%        N/A       14%         2
 Passwall                 Tmut/Erth      3%         N/A       19%         2
 Sublimation of Blood     Necr           4%         N/A       19%         2
 Dazzling Flash           Conj/Hex       46%        N/A       5%          3
 Summon Guardian Golem    Hex/Summ       7%         N/A       28%         3
 Call Canine Familiar     Summ           4%         N/A       36%         3
 Swiftness                Air            4%         N/A       36%         3
 Irradiate                Conj/Tmut      10%        3d15      54%         5
 Petrify                  Tmut/Erth      4%         N/A       77%         4

Inventory:

Hand Weapons
 e - a +0 dagger {short}
   (You took it off a kobold on level 1 of the Dungeon)
 i - a +0 hand axe {axe}
   (You found it on level 1 of the Dungeon)
 k - a +0 club {mace}
   (You took it off a kobold on level 1 of the Dungeon)
 l - a +0 dagger {short}
   (You took it off a kobold on level 1 of the Dungeon)
 m - a +0 short sword {short}
   (You took it off a kobold on level 1 of the Dungeon)
 n - a +0 whip {mace}
   (You found it on level 1 of the Dungeon)
 o - a +0 trident {polearm}
   (You found it on level 1 of the Dungeon)
 r - a +0 dagger {short}
   (You took it off a kobold on level 1 of the Dungeon)
 u - a +0 dagger {short}
   (You took it off a goblin on level 1 of the Dungeon)
 v - a +0 dagger {short}
   (You took it off a kobold on level 2 of the Dungeon)
 A - a +0 club {mace}
   (You took it off a goblin on level 2 of the Dungeon)
 B - a +0 hand axe {axe}
   (You found it on level 2 of the Dungeon)
 F - a +0 dagger {short}
   (You took it off an orc on level 3 of the Dungeon)
 H - a +0 dagger {short}
   (You took it off a goblin on level 3 of the Dungeon)
 I - a +0 dagger {short}
   (You took it off an orc wizard on level 3 of the Dungeon)
 K - a +0 club {mace}
   (You took it off an orc on level 3 of the Dungeon)
 L - a +1 mace of protection (weapon) {mace}
   (You took it off an orc on level 3 of the Dungeon)
 M - a +0 short sword {short}
   (You took it off an orc on level 3 of the Dungeon)
Missiles
 d - 22 stones {throwing}
 w - a throwing net {=f!fthrowing}
Armour
 a - a +0 robe (worn)
 b - a +0 robe
   (You took it off an orc wizard on level 4 of the Dungeon)
 j - a +0 robe
   (You found it on level 1 of the Dungeon)
 q - a +0 robe
   (You found it on level 4 of the Dungeon)
 t - a +0 robe
   (You found it on level 1 of the Dungeon)
 x - a +0 chain mail
   (You found it on level 2 of the Dungeon)
 C - a +0 robe
   (You found it on level 2 of the Dungeon)
 G - a +0 leather armour
   (You took it off an orc on level 3 of the Dungeon)
 J - a +0 robe
   (You took it off an orc wizard on level 3 of the Dungeon)
 N - a +0 leather armour
   (You found it on level 3 of the Dungeon)
 P - a +0 leather armour
   (You took it off an orc priest on level 3 of the Dungeon)
 Q - a +0 scale mail
   (You took it off an orc on level 3 of the Dungeon)
 S - a +0 scale mail
   (You took it off Ijyb on level 4 of the Dungeon)
 V - a +0 leather armour
   (You found it on level 4 of the Dungeon)
 W - a +0 robe
   (You took it off an orc wizard on level 4 of the Dungeon)
 X - a +0 robe
   (You took it off an orc wizard on level 4 of the Dungeon)
 Y - a +0 robe
   (You took it off an orc wizard on level 4 of the Dungeon)
 Z - a +0 robe
   (You took it off an orc wizard on level 4 of the Dungeon)
Wands
 T - a wand of polymorph (8)
   (You took it off Ijyb on level 4 of the Dungeon)
Scrolls
 c - a scroll of teleportation {unknown}
 f - a scroll of amnesia {unknown}
 g - a scroll of immolation {unknown}
 h - a scroll of butterflies {unknown}
 s - 2 scrolls of silence {unknown}
 y - 5 scrolls of identify {unknown}
 D - a scroll of poison {unknown}
 O - a scroll of brand weapon {unknown}
Potions
 p - 2 potions of might
 z - a potion of attraction {unknown}
 E - a potion of ambrosia {unknown}
 R - a potion of degeneration {unknown}
 U - a potion of mutation {unknown}

Dungeon Overview and Level Annotations

Branches:
Dungeon (4/15) Zot: 18659
 Temple: D:4-7

Altars:
Kikubaaqudgha
Sif Muna
Vehumet

Shops:
D:4 *

Annotations:
D:3 Pikel; Sigmund
D:4 1 runed translucent door, markstv's ghost, amateur HuIE

#.####...#.......#####......####.
#.##...######.....#.)..##.#.# #.
..##.##### #)......####..#.# #.
..#......####)......##......#
................<...........#
.............................#
...#.....####..................
...#.....# #...{...............
...#...>.# #<..@............###
..######## #...............>.#
...# #.................. ...#
##..............#. ...#
#......#..... ...# #..#####.....
...# .... .###. ..## ...... .##


There were no monsters in sight!


Message History

The magic dart hits the goblin but does no damage.
The goblin shoots a sling bullet.
The sling bullet barely misses you.
The magic dart hits the goblin.
You kill the goblin!
Vehumet accepts your kill.
The magic dart hits the orc wizard.
The magic dart hits the orc wizard.
The orc wizard zaps a wand.
Your will is overpowered!
You are confused.
You're too confused to cast spells.
Unknown command.
Okay, then.
Unknown command.
Unknown command.
The orc wizard mumbles some strange words.
The orc wizard flickers and vanishes!
Deactivating autopickup; reactivate with Ctrl-A.
Unknown command.
You are more confused.
Unknown command.
Unknown command.
You hear a zap.
Your will is overpowered!
You are more confused.
Unknown command.
Unknown command.
Unknown command.
Unknown command.
Unknown command.
Unknown command.
You hear a zap.
Something tries to affect you, but you resist.
The now-empty wand crumbles to dust.
Unknown command.
Unknown command.
Something hits you.
Unknown command.
You hear some strange, mumbled words.
A magic dart appears from out of thin air!
The magic dart hits you.
Danger!
Unknown command.
You closely miss something. Your kick misses something.
You hear some strange, mumbled words.
A puff of flame appears from out of thin air!
The puff of flame misses you. Something hits you.
Unknown command.
Unknown command.
You're too confused to move!
Something hits you.
* * * LOW HITPOINT WARNING * * *
Unknown command.
You're too confused to move!
Something hits you.
* * * LOW HITPOINT WARNING * * *
Unknown command.
You're too confused to cast spells.
Unknown command.
You completely miss something. Your kick misses something.
Your peck misses something. Something hits you but does no damage.
Unknown command.
Unknown command.
Something hits you.
* * * LOW HITPOINT WARNING * * *
Unknown command.
Unknown command.
Okay, then.
Unknown command.
You feel very mighty all of a sudden.
You feel less confused. Something hits you.
* * * LOW HITPOINT WARNING * * *
Unknown command.
Unknown command.
Casting: Magic Dart (safe; 1% risk of failure)
Confirm with . or Enter, or press ? or * to list all spells.
Aiming: Searing Ray (safe; 1% risk of failure)
Press: ? - help, Shift-Dir - straight line, f - you That beam is likely to hit you.
Continue anyway?
Okay, then.
Unknown command.
You closely miss something. Your peck misses something. Something hits you.
* * * LOW HITPOINT WARNING * * *
Something hits you but does no damage.
You miss something. Your kick misses something.
You hear some strange, mumbled words.
A puff of flame appears from out of thin air!
The puff of flame hits you.
* * * LOW HITPOINT WARNING * * *
Unknown command.
Casting: Searing Ray (safe; 1% risk of failure)
Confirm with . or Enter, or press ? or * to list all spells.
Aiming: Searing Ray (safe; 1% risk of failure)
Press: ? - help, Shift-Dir - straight line The searing ray hits something! (Press . to maintain the ray.)
You hear some strange, mumbled words.
A puff of flame appears from out of thin air!
The puff of flame hits you!
You die...

Skill      XL: |  1  2  3  4  5  6 |
---------------+-------------------+-----
Conjurations   | 6 7 8 |  8.1
Spellcasting   | 3 4 |  4.2
Hexes          | 1 |  1.4
Translocations | 1 |  1.2
Dodging        | |  2.1
Stealth        | |  2.0

Action                   |  1- 3 |  4- 6 || total
-------------------------+-------+-------++-------
Melee: Mace              |       |    12 ||    12
       Kick              |       |     1 ||     1
 Cast: Magic Dart        |    49 |    76 ||   125
       Searing Ray       |     4 |    24 ||    28
       Iskenderun's Myst |       |     1 ||     1
  Use: Potion            |       |     5 ||     5
Armor: Robe              |       |    11 ||    11
Dodge: Dodged            |    20 |    32 ||    52

Levels and vault maps discovered:
D:1:      heliophobic_arrival_henge, layout_loops_corners,
          hellmonk_ecumenical_altar_zigzags
D:2:      layout_rooms, st_stairs_8
D:3:      kb_forest_paths, layout_basic, uniq_sigmund
D:4:      layout_rooms, palyth_temple_overflow_mages, gup_sewer_entry_pipe,
          gammafunk_ghost_grave, nicolae_elemental_shop, uniq_ijyb, uniq_pikel

Notes
Turn   | Place    | Note
-------+----------+-------------------------------------------
     0 | D:1      | Sobieck the Tengu Conjurer began the quest for the Orb.
     0 | D:1      | Reached XP level 1. HP: 10/10 MP: 4/4
   338 | D:1      | Reached XP level 2. HP: 15/15 MP: 3/6
   341 | D:1      | Learned a level 2 spell: Searing Ray
   774 | D:1      | Found a faded altar of an unknown god.
   904 | D:1      | You pick up a book of Callings and begin reading...
   904 | D:1      | You add the spells Summon Small Mammal, Call Canine
                  | Familiar and Summon Guardian Golem to your library.
  1082 | D:2      | You fall into a shaft and drop 1 floor!
  1339 | D:2      | Reached XP level 3. HP: 18/19 MP: 4/7
  1456 | D:2      | Reached skill level 6 in Conjurations
  1633 | D:2      | Reached skill level 3 in Spellcasting
  1756 | D:2      | You pick up a book of Alchemy and begin reading...
  1756 | D:2      | You add the spells Sublimation of Blood, Petrify and
                  | Irradiate to your library.
  1763 | D:2      | Noticed a scorpion
  1768 | D:2      | Killed a scorpion
  1769 | D:2      | Reached XP level 4. HP: 24/24 MP: 2/10
  1979 | D:2      | Gained mutation: Your magical nature lets you fly swiftly
                  | and evasively. [Tengu growth]
  1979 | D:2      | Reached XP level 5. HP: 25/28 MP: 7/11
  2161 | D:3      | Learned a level 4 spell: Fulminant Prism
  2238 | D:3      | Reached skill level 7 in Conjurations
  2560 | D:3      | Noticed Sigmund
  2865 | D:3      | Learned a level 4 spell: Iskenderun's Mystic Blast
  3186 | D:4      | Reached XP level 6. HP: 32/32 MP: 9/12
  3265 | D:4      | Noticed Ijyb
  3547 | D:4      | Killed Ijyb
  3548 | D:4      | Reached skill level 1 in Hexes
  3815 | D:4      | Found a runed translucent door.
  3821 | D:4      | Noticed markstv's ghost (amateur HuIE)
  3829 | D:4      | Noticed Pikel
  3904 | D:4      | HP: 8/32 [Pikel/+1 whip of flaming (3)]
  4202 | D:4      | Found Hepuggoq's Elemental Accessories.
  4234 | D:4      | HP: 2/32 [lemure[Pikel] (8)]
  4747 | D:4      | You pick up a book of Burglary and begin reading...
  4747 | D:4      | You add the spells Passwall, Ensorcelled Hibernation and
                  | Swiftness to your library.
  4809 | D:4      | Found a shimmering blue altar of Sif Muna.
  4815 | D:4      | Reached skill level 4 in Spellcasting
  4822 | D:4      | Reached skill level 1 in Translocations
  4824 | D:4      | HP: 6/32 [something (3)]
  4828 | D:4      | Reached skill level 8 in Conjurations
  4834 | D:4      | Got Sif Muna's Papyrus of Convocation
  5090 | D:4      | Found an ancient bone altar of Kikubaaqudgha.
  5115 | D:4      | Found a radiant altar of Vehumet.
  5128 | D:4      | HP: 5/32 [orc wizard/puff of flame (13)]
  5327 | D:4      | Became a worshipper of Vehumet
  5470 | D:4      | HP: 8/32 [something (2)]
  5471 | D:4      | HP: 3/32 [something/puff of flame (5)]
  5472 | D:4      | Killed from afar by an orc wizard

Vanquished Creatures
  3 lemures
  A scorpion (D:2)
  An orc priest (D:3)
  Ijyb (D:4)
  7 orc wizards
  An iguana (D:4)
  4 adders
  10 orcs
  8 endoplasms
  2 giant cockroaches (D:3)
  5 goblins
  3 hobgoblins (D:3)
  4 jackals (D:2)
  A quokka (D:2)
  10 ball pythons
  6 bats
  A frilled lizard (D:1)
  7 kobolds
  4 rats
79 creatures vanquished.

Vanquished Creatures (others)
  2 withered plants (D:4)
2 creatures vanquished.

Grand Total: 81 creatures vanquished

Table legend:
 A = Non-vault XP
 B = Vault XP
 C = Vault XP percentage of total XP
 D = Non-vault monster count
 E = Vault monster count
 F = Vault count percentage of total count
                 A         B        C        D         E       F
            +---------+---------+-------+---------+---------+-------
      Total |     349 |     258 |  42.5 |      61 |      15 |  19.7
            +---------+---------+-------+---------+---------+-------
        D:1 |      27 |       0 |   0.0 |      18 |       0 |   0.0
        D:2 |     136 |       1 |   0.7 |      19 |       1 |   5.0
        D:3 |     138 |      12 |   8.0 |      18 |       7 |  28.0
        D:4 |      48 |     245 |  83.6 |       6 |       7 |  53.8
            +---------+---------+-------+---------+---------+-------

Illustrated notes

Table legend:
 A = Kills in this place as a percentage of kills in entire the game.
 B = Kills by you in this place as a percentage of kills by you in the entire game.
 C = Kills by friends in this place as a percentage of kills by friends in the entire game.
 D = Other kills in this place as a percentage of other kills in the entire game.
 E = Experience gained in this place as a percentage of experience gained in the entire game.
 F = Experience gained in this place divided by the number of levels of this place that you have seen.
                   A       B       C       D       E      F
               +-------+-------+-------+-------+-------+----------------------
         Total | 100.0 | 100.0 |   N/A |   N/A | 100.0 | 151.8
       Dungeon | 100.0 | 100.0 |   N/A |   N/A | 100.0 | 151.8
               +-------+-------+-------+-------+-------+----------------------

Table legend: (Time is in decaauts)
 A = Elapsed time spent in this place.
 B = Non-inter-level travel time spent in this place.
 C = Inter-level travel time spent in this place.
 D = Time resting spent in this place.
 E = Time spent auto-exploring this place.
 F = Levels seen in this place.
 G = Mean time per level.
                   A        B        C        D        E       F      G
               +--------+--------+--------+--------+--------+-----+--------+
         Total |   5339 |   5114 |    225 |   1482 |   2993 |   4 | 1334.8 |
       Dungeon |   5339 |   5114 |    225 |   1482 |   2993 |   4 | 1334.8 |
               +--------+--------+--------+--------+--------+-----+--------+

Top non-repeatable levels by time:
     D:3: 2282 daAuts
     D:4: 1183 daAuts
     D:1: 1082 daAuts
     D:2: 791 daAuts
